 Dungeon Crawl Stone Soup version 0.29.1-1-gd02db6906a (webtiles) character file.

Game seed: 15251019933077446698

119 MisterFreud the Twirler (level 5, -2/39 HPs)
             Began as a Formicid Gladiator on Sept 24, 2022.
             Slain by a phantom (4 damage)
             ... on level 4 of the Dungeon.
             The game lasted 00:03:24 (3838 turns).

MisterFreud the Twirler (Formicid Gladiator)        Turns: 3838, Time: 00:03:25

Health: -2/39      AC:  4    Str: 21    XL:     5   Next: 24%
Magic:  5/5        EV: 12    Int:  7    God:
Gold:   93         SH:  0    Dex: 15    Spells: 4/4 levels left

rFire   . . .      SeeInvis +   h - +0 quarterstaff (vorpal)
rCold   . . .      Faith    .   (no shield)
rNeg    . . .      Spirit   .   b - +1 leather armour
rPois   .          Reflect  .   (helmet unavailable)
rElec   .          Harm     .   (no cloak)
rCorr   .          Rampage  .   (no gloves)
Will    .....                   (no boots)
Stlth   +.........              (no amulet)
HPRegen 0.13/turn               (no ring)
MPRegen 0.09/turn               (no ring)

@: brilliant
A: permanent stasis, dig shafts and tunnels, antennae 3, four strong arms
a: Dig, Shaft Self


You were on level 4 of the Dungeon.
You visited 1 branch of the dungeon, and saw 4 of its levels.

You collected 189 gold pieces.
You spent 96 gold pieces at shops.

Inventory:

Hand Weapons
 h - a +0 vorpal quarterstaff (weapon)
Missiles
 c - 3 throwing nets (quivered)
 d - a javelin
 i - 4 poisoned darts
 p - 5 curare-tipped darts
Armour
 b - a +1 leather armour (worn)
Wands
 n - a wand of flame (18)
 o - a wand of paralysis (15)
Scrolls
 f - a scroll of enchant armour
 g - a scroll of poison
Potions
 j - a potion of cancellation {unknown}
 l - 2 potions of might
 m - a potion of flight {unknown}
 q - a potion of curing {unknown}
 r - a potion of lignification {unknown}


   Skills:
 - Level 2.3 Fighting
 + Level 5.3 Staves
 - Level 2.1 Throwing
 - Level 2.8 Dodging


You had 4 spell levels left.
You didn't know any spells.
Your spell library was empty.

Dungeon Overview and Level Annotations

Branches:
Dungeon (4/15)
 Temple: D:4-7

Altars:
Wu Jian

Shops:
D:3 [   D:4 (


Innate Abilities, Weirdness & Mutations

You cannot be hasted, slowed, berserked, paralysed or teleported.
You can dig through walls and to a lower floor.
You have a pair of large antennae on your head. (SInv)
Your four strong arms can wield two-handed weapons with a shield.


Message History

Found a stone staircase leading down.
A phantom comes into view.
A phantom is nearby!
Found 3 stones and 3 large rocks.
The phantom hits you.
You barely miss the phantom. The phantom hits you!
You hit the phantom.
The phantom is lightly damaged.
The phantom hits you.
You sock the phantom!
The phantom is heavily damaged.
The phantom misses you.
You miss the phantom.
The phantom is heavily damaged.
The phantom hits you!
You closely miss the phantom.
The phantom is heavily damaged.
The phantom hits you.
You are too injured to fight recklessly!
You are too injured to fight recklessly!
You are too injured to fight recklessly!
You completely miss the phantom.
The phantom is heavily damaged.
The phantom hits you but does no damage.
You barely miss the phantom.
The phantom is heavily damaged.
The phantom hits you.
* * * LOW HITPOINT WARNING * * *
You closely miss the phantom.
The phantom is heavily damaged.
The phantom hits you.
* * * LOW HITPOINT WARNING * * *
You barely miss the phantom.
The phantom is heavily damaged.
The phantom hits you.
* * * LOW HITPOINT WARNING * * *
It was a potion of brilliance.
You feel clever all of a sudden. The phantom hits you.
You die...

##.. #....... #...
####.........# #..
.#.#(.........###. ###..
............... ..##....
.......#...# ........<
#.....#...# #........
###..W......###........
#.....@......##........
.............###........
.###........###∩.∩.>....
#.....?....#......#...
#(#...........∩.∩..#.#.
.. #...........###..###.
# ...........####....#..
...........## ##.#.#..
............ #..#.#..


You could see a phantom.

Vanquished Creatures
  2 adders (D:2)
  A worm (D:2)
  A dart slug (D:2)
  3 orcs (D:3)
  8 ball pythons
  6 bats
  5 endoplasms
  3 giant cockroaches
  10 goblins
  6 hobgoblins
  12 jackals
  4 quokkas
  2 frilled lizards (D:1)
  9 kobolds
  10 rats
82 creatures vanquished.

Vanquished Creatures (others)
  15 plants (D:3)
15 creatures vanquished.

Grand Total: 97 creatures vanquished

Notes
Turn   | Place    | Note
-------+----------+-------------------------------------------
     0 | D:1      | MisterFreud the Formicid Gladiator began the quest for the
                  | Orb.
     0 | D:1      | Reached XP level 1. HP: 16/16 MP: 1/1
   137 | D:1      | Reached XP level 2. HP: 23/23 MP: 2/2
   567 | D:1      | Reached XP level 3. HP: 28/28 MP: 3/3
   664 | D:1      | Reached skill level 4 in Staves
  1656 | D:2      | Reached XP level 4. HP: 30/34 MP: 4/4
  2133 | D:2      | Found a faded altar of an unknown god.
  2463 | D:2      | Reached skill level 5 in Staves
  2489 | D:2      | Found an ornate altar of the Wu Jian Council.
  2546 | D:2      | Reached XP level 5. HP: 29/39 MP: 5/5
  2775 | D:3      | Found Xaacixem's Armour Boutique.
  3813 | D:4      | Found Xuen Lyf's Weapon Shoppe.
  3819 | D:4      | Bought a +0 vorpal quarterstaff for 96 gold pieces
  3825 | D:4      | Noticed a phantom
  3838 | D:4      | Slain by a phantom

Illustrated notes

Levels and vault maps discovered:
D:1:      dpeg_arrival_houses_and_road, layout_basic, minmay_shallow_snake_nest
D:2:      layout_loops_cross, nicolae_ecumenical_pavilion, basic_altar,
          chequers_serial_rivers_micro_d, chequers_avenue
D:3:      layout_basic, serial_shops, shop, serial_bayou_lagoon_a
D:4:      layout_cave_pools, serial_shops,
          nicolae_shop_competitors_out_of_business

Skill      XL: |  1  2  3  4 |
---------------+-------------+-----
Staves         | 4 5 |  5.3
Fighting       | |  2.3
Throwing       | |  2.1
Dodging        | |  2.8

Action                   |  1- 3 |  4- 6 || total
-------------------------+-------+-------++-------
Melee: Quarterstaff      |   109 |   119 ||   228
       Punch             |     1 |     1 ||     2
  Use: Scroll            |       |     6 ||     6
       Potion            |       |     1 ||     1
Armor: Leather armour    |    22 |    35 ||    57
Dodge: Dodged            |    79 |    82 ||   161
